 Dungeon Crawl Stone Soup version 0.24.0 (webtiles) character file.

Game seed: 11810455626844570486, levelgen mode: deterministic

23 Fistmachine the Charmwright (level 2, 0/26 HPs)
             Began as a Gnoll Skald on Oct 25, 2019.
             Hit by a stone thrown by a hobgoblin (4 damage)
             ... on level 2 of the Dungeon.
             The game lasted 00:01:43 (725 turns).

Fistmachine the Charmwright (Gnoll Skald)            Turns: 725, Time: 00:01:43

Health: 0/26       AC:  3    Str: 13    XL:     2   Next: 95%
Magic:  7/7        EV: 14    Int: 15    God:
Gold:   20         SH:  0    Dex: 14    Spells: 9/10 levels left

rFire    . . .     SeeInvis .   a - +0 spear
rCold    . . .     Gourm    .   (no shield)
rNeg     . . .     Faith    .   b - +0 leather armour
rPois    .         Spirit   .   (no helmet)
rElec    .         Reflect  .   (no cloak)
rCorr    .         Harm     .   (no gloves)
MR       .....                  (no boots)
Stlth    +.........             (no amulet)
HPRegen  0.08/turn              (no ring)
MPRegen  0.10/turn              (no ring)

@: slowed, very slow
A: distributed training, fangs 1, strong nose
a: no special abilities


You were on level 2 of the Dungeon.
You were not hungry.

You visited 1 branch of the dungeon, and saw 2 of its levels.

You collected 20 gold pieces.

Inventory:

Hand Weapons
 a - a +0 spear (weapon)
Armour
 b - a +0 leather armour (worn)
Scrolls
 c - 5 scrolls of remove curse {unknown}
Comestibles
 d - a ration


   Skills:
 + Level 4.5 Fighting
 + Level 0.5 Short Blades
 + Level 0.5 Long Blades
 + Level 0.5 Axes
 + Level 0.5 Maces & Flails
 + Level 4.5 Polearms
 + Level 0.5 Staves
 + Level 0.5 Slings
 + Level 0.5 Bows
 + Level 0.5 Crossbows
 + Level 0.5 Throwing
 + Level 2.5 Armour
 + Level 4.5 Dodging
 + Level 0.5 Stealth
 + Level 0.5 Shields
 + Level 0.5 Unarmed Combat
 + Level 4.9 Spellcasting
 + Level 0.4 Conjurations
 + Level 0.4 Hexes
 + Level 5.4 Charms
 + Level 0.4 Summonings
 + Level 0.4 Necromancy
 + Level 0.4 Translocations
 + Level 0.4 Transmutations
 + Level 0.4 Fire Magic
 + Level 0.4 Ice Magic
 + Level 0.4 Air Magic
 + Level 0.4 Earth Magic
 + Level 0.4 Poison Magic
 + Level 0.7 Invocations
 + Level 0.5 Evocations


You had 9 spell levels left.
You knew the following spells:

 Your Spells              Type           Power        Failure   Level  Hunger
a - Infusion              Chrm           ###.         2%          1    None

Your spell library contained the following spells:

 Spells                   Type           Power        Failure   Level  Hunger
 Song of Slaying          Chrm           ###.....     3%          2    ##.....
 Shroud of Golubria       Chrm/Tloc      ##....       10%         2    ##.....
 Regeneration             Chrm/Necr      ##........   19%         3    ###....
 Spectral Weapon          Hex/Chrm       ##......     19%         3    ###....


Dungeon Overview and Level Annotations

Branches:
Dungeon (2/15)

Altars:

Annotations:
D:2 Terence


Innate Abilities, Weirdness & Mutations

Your experience applies equally to all skills.
You have very sharp teeth.
Your uncanny sense of smell can sniff out nearby items.


Message History

Your magical infusion is running out.
The orc wizard points at you and mumbles some strange words.
The magic dart hits you. The adder barely misses you.
The hobgoblin throws a stone.
The stone misses you.
The stone barely misses the adder.
The stone hits the orc but does no damage.
The orc wizard gestures wildly while chanting.
The orc wizard blinks!
The adder bites you.
The hobgoblin throws a stone.
The stone barely misses you.
The stone closely misses the adder.
The stone hits the orc.
The hobgoblin hits you with a +0 club. The adder closely misses you.
Found a scroll labeled DENIETUPSICH.
The hobgoblin hits you with a +0 club. The adder closely misses you.
The hobgoblin hits you with a +0 club.
* * * LOW HITPOINT WARNING * * *
Found a stone staircase leading up.
You are no longer magically infusing your attacks.
The adder barely misses you. x2; The hobgoblin throws a stone.
The stone hits you.
You die...

∆ ∆
#######+#####.
#?#.............
.......@.g#
#.#.#<##So# #
#go# #.##@.#
#....o## ###..
#####..##..@...
#.......'.$....
#.####.##.....#
#.####..#
....#≈≈


You could see Terence, an orc wizard, an adder, 2 orcs, a hobgoblin and a
goblin.

Vanquished Creatures
  A dart slug (D:1)
  2 leopard geckos (D:1)
  4 bats (D:1)
  A giant cockroach (D:1)
  4 goblins (D:1)
  A hobgoblin (D:1)
  A kobold (D:1)
  A rat (D:1)
15 creatures vanquished.

Notes
Turn   | Place    | Note
-------+----------+-------------------------------------------
     0 | D:1      | Fistmachine the Gnoll Skald began the quest for the Orb.
     0 | D:1      | Reached XP level 1. HP: 20/20 MP: 6/6
    66 | D:1      | Reached XP level 2. HP: 20/26 MP: 7/7
   704 | D:1      | You fall into a shaft and drop 1 floor!
   717 | D:2      | Noticed Terence
   725 | D:2      | Hit by a stone thrown by a hobgoblin

Levels and vault maps discovered:
D:1:      dpeg_arrival_round_b, layout_loops_corners
D:2:      wander_river, layout_basic, first_ration, moated_statue, uniq_terence
